AoeStats
← 烏雲中

Arena

509036418Analyzed
1v1 RM · 7d ago on Sep 25, 2026· 54m 9s· 2 players
Game mode
Random Map
Map size
Tiny (2 player)
Population
200
Speed
Normal
Resources
Standard
Victory
Conquest
Starting age
Dark Age
Ending age
Imperial Age
RankedLock teamsTeams togetherTeam positionsShared explorationLock speedFull tech treeHidden civsTurbo modeCheats
Victory
Defeat
🇹🇼 Saxons · Taiwan
1104
+15
🇵🇪 Saxons · Peru
1081
-15
Nagflar
10:02 Feudal Age
9:44 Loom
11:04 Double-Bit Axe
18:27 Castle Age
16:29 Horse Collar
17:22 Fletching
23:46 Squires
23:58 Forging
24:53 Heavy Plow
25:08 Bow Saw
26:28 Man-at-Arms
28:04 Iron Casting
28:39 Long Swordsman
29:32 Scale Mail Armor
33:31 Chain Mail Armor
33:06 Gambesons
34:45 Wheelbarrow
34:44 Bodkin Arrow
37:45 Imperial Age
37:09 Padded Archer Armor
36:32 Crossbowman
37:18 Thumb Ring
36:58 Elite Skirmisher
38:27 Leather Archer Armor
38:53 Ballistics
39:34 Chemistry
38:00 Two-Handed Swordsman
39:04 Hand Cart
38:54 Bracer
40:41 Hoardings
40:40 Masonry
40:07 Arbalester
41:29 Ring Archer Armor
41:24 Treadmill Crane
42:50 Architecture
45:26 Shield Wall
49:14 Plate Mail Armor
50:35 Champion
烏雲中
10:20 Feudal Age
14:21 Castle Age
12:17 Double-Bit Axe
12:15 Horse Collar
15:04 Loom
15:19 Fletching
25:08 Wheelbarrow
26:45 Squires
30:11 Gold Mining
33:06 Imperial Age
30:46 Bodkin Arrow
31:33 Bow Saw
31:22 Crossbowman
32:32 Thumb Ring
34:28 Hand Cart
35:04 Bracer
34:40 Elite Varangian Guard
35:49 Padded Archer Armor
38:05 Leather Archer Armor
38:28 Arson
38:45 Scale Mail Armor
38:55 Forging
39:22 Conscription
41:21 Chain Mail Armor
41:37 Ring Archer Armor
41:43 Iron Casting
41:31 Ballistics
42:12 Chemistry
40:54 Treadmill Crane
41:11 Arbalester
42:20 Thumb Ring
42:11 Elite Skirmisher
43:46 Plate Mail Armor
43:25 Shield Wall
48:12 Two-Man Saw
47:21 Heavy Plow
49:37 Siege Engineers
50:57 Stone Mining
51:43 Gold Shaft Mining
50:59 Town Watch
51:10 Guard Tower
51:33 Masonry
Connection lost

Rejoining the realm…

Still unreachable

The connection could not be restored.

Session expired

The server has moved on; the page needs a fresh start.